 Dungeon Crawl Stone Soup version 0.28.0-43-g3370ac3207 (webtiles) character file.

Game seed: 2930855454467705794

145 vvl the Stinger (level 5, -1/38 HPs)
             Began as a Demonspawn Venom Mage on Mar 9, 2022.
             Slain by a centaur (2 damage)
             ... on level 4 of the Dungeon.
             The game lasted 00:06:05 (3576 turns).

vvl the Stinger (Demonspawn Venom Mage)             Turns: 3576, Time: 00:06:05

Health: -1/38      AC:  5    Str:  8    XL:     5   Next: 6%
Magic:  8/9        EV: 12    Int: 18    God:
Gold:   54         SH:  4    Dex: 14    Spells: 8/9 levels left

rFire   . . .      SeeInvis .   c - +2 dagger (venom)
rCold   . . .      Faith    .   (no shield)
rNeg    . . .      Spirit   .   a - +0 robe
rPois   .          Reflect  .   (no helmet)
rElec   .          Harm     .   (no cloak)
rCorr   .          Rampage  .   l - +0 pair of gloves
Will    .....                   (no boots)
Stlth   ++........              (no amulet)
HPRegen 0.12/turn               b - +4 ring of slaying
MPRegen 0.11/turn               (no ring)

@: mighty
A: molten scales 1, powered by death 1, condensation shield
a: no special abilities


You were on level 4 of the Dungeon.
You visited 1 branch of the dungeon, and saw 4 of its levels.

You collected 54 gold pieces.

Inventory:

Hand Weapons
 c - a +2 dagger of venom (weapon)
Armour
 a - a +0 robe (worn)
 l - a +0 pair of gloves (worn)
Magical Staves
 m - a staff of conjuration
Jewellery
 b - a +4 ring of slaying (left hand)
Wands
 n - a wand of iceblast (12)
 p - a wand of flame (21)
Scrolls
 d - a scroll of teleportation {unknown}
 h - a scroll of identify {unknown}
 i - 2 scrolls of vulnerability {unknown}
 j - a scroll of noise {unknown}
 o - a scroll of magic mapping {unknown}
 q - 3 scrolls of amnesia {unknown}
Potions
 e - a potion of might
 f - 2 potions of haste {unknown}
 g - a potion of heal wounds {unknown}
 k - a potion of curing {unknown}


   Skills:
 + Level 1.8 Fighting
 - Level 2.0 Dodging
 - Level 2.0 Stealth
 + Level 2.7 Spellcasting
 - Level 2.0 Transmutations
 * Level 4.2 Poison Magic


You had 8 spell levels left.
You knew the following spells:

 Your Spells              Type           Power      Damage    Failure   Level
a - Sting                 Tmut/Pois      52%        1d5       4%          1

Your spell library contained the following spells:

 Spells                   Type           Power      Damage    Failure   Level
 Poisonous Vapours        Pois/Air       20%        N/A       11%         2
 Mephitic Cloud           Conj/Pois/Air  7%         N/A       28%         3
 Olgreb's Toxic Radiance  Pois           17%        N/A       28%         4
 Gell's Gravitas          Tloc           2%         N/A       45%         3
 Teleport Other           Tloc           2%         N/A       45%         3
 Dispersal                Tloc           1%         N/A       100%        6


Dungeon Overview and Level Annotations

Branches:
Dungeon (4/15)
 Temple: D:4-7

Altars:
Elyvilon
Ru

Shops:
D:3 =


Innate Abilities, Weirdness & Mutations

You are partially covered in molten scales. (AC +2)
You regenerate a little health from kills.
A meltable shield of frost defends you. (SH +4)


Message History

The helpless hound fails to defend itself.
You puncture the hound!
The hound is poisoned.
The hound is severely wounded.
The hound misses you. The hound closely misses you.
You puncture the hound!
You kill the hound!
You have reached level 5!
Your demonic ancestry asserts itself...
Frost condenses into a shield before you.
You see here a scroll labelled YMAL COKEUPACSOPO.
A centaur is nearby!
A centaur is nearby!
A centaur is nearby!
A centaur is nearby!
The centaur wields a +0 shortbow.
The centaur shoots an arrow.
The arrow closely misses you.
The centaur shoots an arrow.
You block the arrow.
The centaur shoots an arrow.
The arrow hits you!
The sting hits the centaur.
The centaur is poisoned.
The centaur is lightly wounded.
The centaur shoots an arrow.
The arrow hits you.
The centaur shoots an arrow.
The arrow hits you.
You are too injured to fight recklessly!
You are too injured to fight recklessly!
The centaur shoots an arrow.
The arrow hits you.
The centaur unwields a +0 shortbow.
The centaur hits you but does no damage.
You block the centaur's attack.
You hit the centaur.
The centaur looks even sicker.
The centaur is moderately wounded.
The centaur hits you.
* * * LOW HITPOINT WARNING * * *
The centaur kicks you.
* * * LOW HITPOINT WARNING * * *
The centaur hits you.
* * * LOW HITPOINT WARNING * * *
You block the centaur's attack.
It was a potion of might.
You feel very mighty all of a sudden. The centaur hits you.
You die...

....#.#.................
#........###.....J.#
....#....##.......
....#..?.#.......#
.........<......#
.........##.....##
..........#......#
.............#.#
.........#@###.#
........##.c##.###.
....#...#..........
.###............J#
#.............#
.......<.....#
.../......##...
..........# ..
............


You could see a centaur (very poisoned) and an endoplasm (asleep).

Vanquished Creatures
  A hound (D:4)
  An orc wizard (D:3)
  2 adders
  A worm (D:2)
  A dart slug (D:4)
  9 orcs (D:3)
  6 ball pythons
  5 bats
  3 endoplasms
  3 giant cockroaches
  7 goblins
  3 hobgoblins
  4 quokkas
  2 frilled lizards (D:2)
  6 kobolds
  3 rats
57 creatures vanquished.

Vanquished Creatures (others)
  3 plants (D:4)
3 creatures vanquished.

Grand Total: 60 creatures vanquished

Notes
Turn   | Place    | Note
-------+----------+-------------------------------------------
     0 | D:1      | vvl the Demonspawn Venom Mage began the quest for the Orb.
     0 | D:1      | Reached XP level 1. HP: 13/13 MP: 3/3
   100 | D:1      | Reached skill level 1 in Transmutations
   159 | D:1      | Gained mutation: You are partially covered in molten
                  | scales. (AC +2) [demonic ancestry]
   159 | D:1      | Reached XP level 2. HP: 20/20 MP: 3/5
   738 | D:1      | Found a faded altar of an unknown god.
  1463 | D:2      | Gained mutation: You regenerate a little health from kills.
                  | [demonic ancestry]
  1463 | D:2      | Reached XP level 3. HP: 15/25 MP: 6/6
  1607 | D:2      | Found a sacrificial altar of Ru.
  1811 | D:2      | Reached skill level 1 in Fighting
  2371 | D:3      | Found Zuax's Jewellery Shoppe.
  2682 | D:3      | Reached XP level 4. HP: 17/32 MP: 4/7
  3026 | D:3      | Reached skill level 4 in Poison Magic
  3460 | D:4      | Noticed a centaur
  3548 | D:4      | Gained mutation: A meltable shield of frost defends you.
                  | (SH +4) [demonic ancestry]
  3548 | D:4      | Reached XP level 5. HP: 38/38 MP: 7/9
  3575 | D:4      | HP: 1/38 [centaur (6)]
  3576 | D:4      | Slain by a centaur

Illustrated notes

Levels and vault maps discovered:
D:1:      eino_arrival_tree_alley, layout_basic,
          ebering_ecumenical_altar_abandoned
D:2:      layout_basic, basic_altar
D:3:      layout_basic, serial_shops, shop, minivault_19
D:4:      layout_cave_pools, grunt_temple_overflow_gold_and_silver,
          mainiacjoe_overflow_tiny_flanked, nicolae_overflow_hidden_temple,
          serial_bayou_lagoon_b

Skill      XL: |  1  2  3  4 |
---------------+-------------+-----
Transmutations | 1 2 |  2.0
Stealth        | 2 |  2.0
Dodging        | 2 |  2.0
Fighting       | 1 |  1.8
Poison Magic   | 4 |  4.2
Spellcasting   | |  2.7

Action                   |  1- 3 |  4- 6 || total
-------------------------+-------+-------++-------
Melee: Dagger            |    42 |    24 ||    66
       Unarmed           |    23 |       ||    23
       Punch             |     3 |       ||     3
 Cast: Sting             |    47 |    21 ||    68
  Use: Potion            |       |     1 ||     1
 Stab: Sleeping          |     1 |     1 ||     2
Armor: Robe              |    22 |     7 ||    29
Dodge: Dodged            |    69 |    20 ||    89
Block: Other             |       |     3 ||     3
